[Event "*** SCC Grand Prix: Titled Tuesday Blitz"]
[Site "Chess.com"]
[Date "2020.06.02"]
[Round "7"]
[White "jb2mix"]
[Black "Girkassa"]
[Result "1-0"]
[WhiteElo "2703"]
[BlackElo "2515"]
[TimeControl "180+1"]
[EndTime "11:21:12 PDT"]
[Termination "jb2mix won by resignation"]

1. e4 e5 2. Nf3 Nc6 3. Bc4 Nf6 4.
Ng5 d5 5. exd5 Na5 6. Bb5+ Bd7 7.
Qe2 Be7 8. Nf3 O-O 9. Nxe5 Bf5 10.
O-O Nxd5 11. d4 Bd6 12. Qf3 Be6 13. Bd2 c6 14. Bd3 b5 15. Bxa5 Qxa5 16. Nxc6 Qb6 17. Be4 Qxc6 18. Nc3 Rfd8 19. Nxd5 Bxd5 20. Bxd5 Bxh2+ 21. Kxh2 Rxd5 22. c3 b4 23. Rae1 Rc8 24. Re7 Qh6+ 25.
Kg1 Qh5 26. Rfe1 h6 27. Re8+ Rxe8 28. Rxe8+ Kh7 29. Qxh5 Rxh5 30. Re7 bxc3 31. bxc3 Ra5 32. Rxf7 Rxa2 33. d5 Rc2 34. Rc7 a5 35. d6 a4 36.
d7 Rd2 37. Ra7 a3 38. Kf1 a2 39. Ke1 Rxd7 40. Rxa2 Kg6 41. Rd2 Rc7 42. Rd6+ Kf5 43. Kd2 Ke5 44. Rd8 Ke4 45. Rd4+ Ke5 46. Kd3 g5 47. c4 Rf7 48. Rd5+ Ke6 49. Ke3 Ra7 50. Rd3 Ra2 51. Rc3 Kd6 52. c5+ Kc6 53. Kf3 Rd2 54. Kg3 Rd5 55. Kg4 Re5 56. Kh5 Re6 57. f3 Rf6 58.
Rc1 Re6 59. Rc2 Rf6 60. Kg4 Re6 61. Kf5 Re3 62. Kg6 Re6+ 63. Kg7 g4 64. fxg4 Re4 65.
Kxh6 Rxg4 66. Kh5 Rg3 67. Kh4 Rg8 68. g4 Rh8+ 69. Kg5 Rg8+ 70. Kh5 Rh8+ 71. Kg6 Rg8+ 72. Kf5 Rf8+ 73. Ke4 Re8+ 74. Kf4 Rf8+ 75. Kg3 Rg8 76. Rc1 Rg7 77. Kf4 Rf7+ 78. Kg5 Rg7+ 79. Kf5 Rf7+ 80.
Kg6 Rf4 81. g5 Rf2 82. Kg7 Rf3 83. g6 Rf2 84. Kg8 Rf3 85. g7 Rf2 86. Rh1 1-0

[Event "*** SCC Grand Prix: Titled Tuesday Blitz"]
[Site "Chess.com"]
[Date "2020.06.02"]
[Round "7"]
[White "Dr-Bassem"]
[Black "FabianoCaruana"]
[Result "0-1"]
[WhiteElo "2796"]
[BlackElo "3015"]
[TimeControl "180+1"]
[EndTime "11:21:13 PDT"]
[Termination "FabianoCaruana won on time"]

1. e4 c5 2. Nf3 Nc6 3. d3 Nf6 4. g3 d5 5. Nbd2 d4 6. Bg2 e5 7. O-O Be7 8. Nc4 Qc7 9. a4 Be6 10. Ne1 h5 11. f4 h4 12. f5 Bxc4 13. dxc4 hxg3 14. hxg3 O-O-O 15. Nd3 Nb4 16. Bd2 Kb8 17. a5 a6 18. b3 Nc6 19. Qe2 Rh7 20. Kf2 Rdh8 21.
Rh1 Qd8 22. Rxh7 Rxh7 23. Rh1 Rxh1 24. Bxh1 Nh7 25. Qh5 Ng5 26. Bg2 f6 27. Qg6 Bf8 28. Ke2 Ka7 29. Qh5 Bd6 30. Qg6 Qe7 31. Nf2 Bc7 32.
Bxg5 fxg5 33. Nh3 Bd8 34. Qe6 Qc7 35. Qd5 Qxa5 36. Bf3 Qc3 37. Bh5 Qxc2+ 38. Kf1 Qxb3 39. Be8 Qd3+ 40. Kg2 g4 41. Nf2 Qf3+ 42. Kf1 d3 43. Bxc6 Qe2+ 44. Kg2 Qf3+ 45. Kf1 Qe2+ 46. Kg1 bxc6 47.
Qd7+ Kb6 48. Qxd8+ Kb7 49. Qd7+ Kb6 50. Qd8+ Kb7 51.
Qxd3 Qe1+ 52. Kg2 a5 53. Qd7+ Kb6 54. Qd8+ Kb7 55. Qxa5 Qxa5 0-1

[Event "*** SCC Grand Prix: Titled Tuesday Blitz"]
[Site "Chess.com"]
[Date "2020.06.02"]
[Round "7"]
[White "chessplayer9919"]
[Black "Iljushin_Alexey"]
[Result "0-1"]
[WhiteElo "2513"]
[BlackElo "2668"]
[TimeControl "180+1"]
[EndTime "11:21:13 PDT"]
[Termination "Iljushin_Alexey won by resignation"]

1. d4 e6 2. c4 f5 3. Nc3 Nf6 4. Nf3 Bb4 5. e3 b6 6. Bd3 Bb7 7. O-O O-O 8. a3 Bxc3 9. bxc3 Qe7 10. a4 Nc6 11. Ba3 d6 12. Rb1 Na5 13. c5 dxc5 14.
dxc5 Ne4 15. Bb4 Nxc5 16. Nd4 Bd5 17. Be2 Rad8 18. Qc1 Nc4 19. Rd1 a5 20. Bxc5 Qxc5 21. Rb5 Qe7 22. Rxd5 exd5 23. Nc6 Qf6 24. Nxd8 Rxd8 25.
Qb1 g6 26. Rxd5 Nd6 27. Qb3 Kg7 28. Rd1 Re8 29. Bf3 Re7 30. h3 h5 31. Qc2 Nf7 32.
Bd5 Ne5 33. Qe2 Rd7 34. Bb3 Rxd1+ 35. Bxd1 Qd6 36. Bc2 Nd7 37. Qc4 Nc5 38. Qd4+ Qxd4 39.
exd4 Nb7 40. Kf1 Nd6 41. Ke2 c5 42. Kd3 Kf6 43. Bb3 h4 44. Bd5 g5 45. Bb3 g4 46.
Bd5 Kg5 47. Bc6 Kf4 48. Bd5 gxh3 49. gxh3 cxd4 50. cxd4 b5 51. axb5 Nxb5 52. Bc6 Nd6 53. Kc3 Ne4+ 54. Kc4 Nxf2 55. d5 Ne4 56. Ba4 Ke5 57. Bd1 f4 58. Bf3 Nd2+ 59. Kc5 Nxf3 60. d6 Ng5 61. d7 Ne6+ 62. Kc6 f3 63. d8=Q Nxd8+ 0-1

[Event "*** SCC Grand Prix: Titled Tuesday Blitz"]
[Site "Chess.com"]
[Date "2020.06.02"]
[Round "7"]
[White "OnatB"]
[Black "GregShahade"]
[Result "0-1"]
[WhiteElo "2337"]
[BlackElo "2574"]
[TimeControl "180+1"]
[EndTime "11:21:13 PDT"]
[Termination "GregShahade won by resignation"]

1. e4 e5 2. d4 exd4 3. Qxd4 Nc6 4. Qe3 Nf6 5. Nc3 Bb4 6. Bd2 O-O 7. O-O-O Re8 8. f3 d6 9. Nge2 Qe7 10. Nf4 Be6 11. h4 Rad8 12. Kb1 a6 13. Bc1 Bc5 14. Qe1 Ne5 15. h5 h6 16. Qh4 Bc4 17. b3 Bxf1 18. Rdxf1 c6 19. Bb2 Nh7 20. Qg3 Qg5 21. Rh3 Qxg3 22.
Rxg3 Nf6 23. Nce2 Be3 24. Rh3 Kf8 25. Nd3 Bb6 26. f4 Nxe4 27. fxe5 Nd2+ 28. Kc1 Nxf1 29.
Rf3 Ne3 30. Nef4 dxe5 31. Ng6+ Kg8 32. Ngxe5 f6 33. Ng6 Nxg2 34. Rg3 Ne1 35. Bxf6 Nxd3+ 36.
cxd3 gxf6 37. Ne7+ Kf7 38. Nf5 Ke6 39. Ng7+ Kd5 40. Nxe8 Rxe8 41. Kd2 f5 42. Rg6 Be3+ 43. Kc3 Bg5 44. Rg7 Re7 45. Rg8 f4 46. Rf8 Ke6 47. Kd4 Rf7 48. Re8+ Kd7 49. Re1 f3 50. Rf1 f2 51. Ke4 Ke6 52. d4 Kd6 53. Kd3 Kd5 54. Ke2 Kxd4 55. Rd1+ Kc3 56. Kf1 Be3 57. Rd6 Rg7 58.
Re6 Rg1+ 59. Ke2 f1=Q+ 60. Kxe3 Qe1+ 61. Kf3 Qxe6 62. Kf4 Qf6+ 0-1

[Event "*** SCC Grand Prix: Titled Tuesday Blitz"]
[Site "Chess.com"]
[Date "2020.06.02"]
[Round "7"]
[White "pedro_nascimento85"]
[Black "GaboSalazar2001"]
[Result "1/2-1/2"]
[WhiteElo "1950"]
[BlackElo "2255"]
[TimeControl "180+1"]
[EndTime "11:21:13 PDT"]
[Termination "Game drawn - insufficient material"]

1. d4 Nf6 2. c4 c5 3. d5 b5 4.
Qc2 bxc4 5. e4 e6 6. Bxc4 exd5 7. exd5 Bb7 8. Nc3 g6 9. Nf3 Bg7 10. O-O O-O 11. Bg5 h6 12. Bh4 d6 13. Rfe1 Na6 14. a3 Nc7 15. Rad1 Re8 16. Ne4 g5 17. Nxf6+ Qxf6 18.
Bg3 Rxe1+ 19. Nxe1 Re8 20. Nf3 g4 21. Nd2 Nxd5 22.
Ne4 Qxb2 23. Qxb2 Bxb2 24. Nxd6 Re7 25. Nxb7 Rxb7 26. Rxd5 Bd4 27. h3 gxh3 28. gxh3 Rb1+ 29. Kg2 Ra1 30. Rd8+ Kg7 31. Rd7 Rxa3 32. Rxf7+ Kg6 33.
Rb7 Rc3 34. Bd5 a5 35. Ra7 Ra3 36. Ra6+ Kf5 37. Bc6 c4 38. Bc7 c3 39. Rxa5+ Rxa5 40. Bxa5 c2 41. Bd2 Bb2 42. Bd7+ Kf6 43. Bxh6 c1=Q 44.
Bxc1 Bxc1 45. Kf3 Kg6 46. Bc6 Bb2 47. Kg4 Bf6 48. h4 Be5 49. h5+ Kh6 50. f4 Bxf4 51.
Kxf4 Kxh5 1/2-1/2

[Event "*** SCC Grand Prix: Titled Tuesday Blitz"]
[Site "Chess.com"]
[Date "2020.06.02"]
[Round "7"]
[White "Norival"]
[Black "Sychev_Klementy"]
[Result "0-1"]
[WhiteElo "2656"]
[BlackElo "2844"]
[TimeControl "180+1"]
[EndTime "11:21:14 PDT"]
[Termination "Sychev_Klementy won by resignation"]

1. d4 Nf6 2. Nf3 g6 3. Bg5 Bg7 4. Nbd2 O-O 5. c3 d5 6. e3 Nbd7 7.
Bd3 Re8 8. O-O e5 9. dxe5 Nxe5 10. Nxe5 Rxe5 11. Nf3 Re8 12. Qb3 c6 13. Rfd1 Qb6 14.
h3 Ne4 15. Bxe4 Rxe4 16. Bf4 Qa6 17. Nd4 Bd7 18. Bg3 Rae8 19. Qc2 b6 20. Rd2 c5 21. Ne2 Ba4 22. b3 Bc6 23. Rad1 g5 24. Nc1 Qb7 25.
Nd3 f5 26. Bh2 Qf7 27. Qc1 Qf6 28. Rc2 Bb7 29. Ne1 h5 30. b4 g4 31. h4 Qxh4 32.
bxc5 bxc5 33. Nd3 Qe7 34. Nf4 Qf7 35. Rcd2 Rd8 36. Bg3 Bf6 37. Nd3 Be7 38. Ne5 Qe6 39. Nd3 h4 40. Bf4 g3 41. fxg3 hxg3 42. Bxg3 Rxe3 43.
Bf2 d4 44. cxd4 cxd4 45. Nf4 Qe4 46. Qc4+ Kh8 47. Qf7 Qxf4 48. Qh5+ Kg7 49. Rxd4 Rxd4 50. Rf1 Qg4 51. Qxg4+ Rxg4 52. g3 Rexg3+ 53. Bxg3 Rxg3+ 54. Kf2 Rg2+ 55. Ke1 Rxa2 56. Rg1+ Kf6 0-1

[Event "*** SCC Grand Prix: Titled Tuesday Blitz"]
[Site "Chess.com"]
[Date "2020.06.02"]
[Round "7"]
[White "FMJoseHerrera"]
[Black "LizaSolovyova"]
[Result "0-1"]
[WhiteElo "2646"]
[BlackElo "2519"]
[TimeControl "180+1"]
[EndTime "11:21:14 PDT"]
[Termination "LizaSolovyova won on time"]

1. Nf3 f5 2. g3 Nf6 3. d3 e6 4. Nc3 Be7 5. e4 d5 6. exf5 exf5 7. Bf4 d4 8. Ne2 c5 9. Bg2 Nc6 10. Qd2 O-O 11. h4 Be6 12. h5 Re8 13. h6 g6 14. O-O Ng4 15. Rae1 Bd5 16. c3 Bxf3 17. Bxf3 g5 18. cxd4 gxf4 19. Nxf4 Nxd4 20. Bd5+ Qxd5 21. Nxd5 Nf3+ 22. Kg2 Nxd2 23. Nxe7+ Kf7 24. Nxf5 Nxf1 25. Nd6+ Kf8 26. Nxe8 Rxe8 27. Rxf1 Nxh6 28. Rh1 Kg7 29. Rc1 b6 30. b4 Rc8 31. bxc5 Rxc5 32. Re1 Ra5 33. Re2 Nf5 34. g4 Nd4 35. Re4 Ra4 36.
Kg3 b5 37. f4 h6 38. f5 Kf6 39.
Re8 Ra3 40. Kf4 Rxa2 41. Rh8 Kg7 42. Rd8 Nc6 43. Rd7+ Kf8 44. Rd6 Ra4+ 45. Kg3 Ne5 46. d4 Nf7 47. Rd7 b4 48. Kh4 a5 49. Kh5 Ke8 50.
Rb7 Ra1 51. Kg6 Nd6 52. Rb6 Kd7 53. Kxh6 Kc7 54. Ra6 b3 55. Ra7+ Kb6 56. Rd7 Ne4 57. Rd8 Kc7 58. Re8 b2 59. Rxe4 b1=Q 60. Re6 Qg1 61.
g5 Qxd4 62. f6 Rh1+ 63. Kg7 Qg4 64. Re5 Qh5 65. f7 Qh7+ 66. Kf6 Rf1+ 0-1

[Event "*** SCC Grand Prix: Titled Tuesday Blitz"]
[Site "Chess.com"]
[Date "2020.06.02"]
[Round "7"]
[White "CrazyMartian"]
[Black "nikitakhoroshev"]
[Result "0-1"]
[WhiteElo "2303"]
[BlackElo "2457"]
[TimeControl "180+1"]
[EndTime "11:21:14 PDT"]
[Termination "nikitakhoroshev won on time"]

1. d4 Nf6 2. Bf4 c5 3. e3 Nd5 4. Bg3 Qb6 5. b3 cxd4 6. exd4 Nc6 7. Nf3 e6 8. a3 Qa5+ 9. Qd2 Bb4 10. axb4 Qxa1 11.
Bc4 Nc3 12. O-O Nxb1 13. Qg5 O-O 14. Bd6 f6 15. Qh4 Rf7 16. Bd3 g6 17. b5 Qc3 18.
bxc6 Qxc6 19. Bc5 Nc3 20. Qg3 b6 21. Bb4 Ne4 22. Bxe4 Qxe4 23. Re1 Qxc2 24. h4 Bb7 25. h5 Bxf3 26. gxf3 Qf5 27. Bd6 Rc8 28. Re4 Rc3 29. hxg6 hxg6 30. Kg2 Rc1 31. Rg4 Qd3 32. Rxg6+ Qxg6 33. Qxg6+ Rg7 34. Qxg7+ Kxg7 35. f4 Rc2 36. f5 Kf7 37.
fxe6+ Kxe6 38. Bf4 a5 39. d5+ Kxd5 40. Be3 Rc3 41. Bxb6 Rxb3 42. Bxa5 f5 43. Bd2 Ke4 44. Bg5 f4 45. Bh6 f3+ 46. Kg3 d5 47. Bg5 d4 48.
Bh6 Rb2 49. Bg5 Re2 50. Bh6 d3 0-1

[Event "*** SCC Grand Prix: Titled Tuesday Blitz"]
[Site "Chess.com"]
[Date "2020.06.02"]
[Round "7"]
[White "CroissantNeuf"]
[Black "Oglob71"]
[Result "1-0"]
[WhiteElo "2394"]
[BlackElo "2505"]
[TimeControl "180+1"]
[EndTime "11:21:15 PDT"]
[Termination "CroissantNeuf won by resignation"]

1. e4 c5 2. Nf3 d6 3. Bb5+ Bd7 4. c4 Nf6 5. Nc3 g6 6. d4 cxd4 7. Nxd4 Bg7 8. Be3 O-O 9. Bxd7 Qxd7 10. O-O Nc6 11. f3 Rac8 12. b3 a6 13. a4 e6 14.
Qd2 Rfd8 15. Rad1 Ne5 16. h3 Qe7 17. Bg5 Qf8 18. f4 Nc6 19. Nxc6 bxc6 20. Qe1 h6 21. Bh4 Re8 22. e5 dxe5 23. fxe5 Nh7 24. Rd7 Qc5+ 25. Kh1 Qxe5 26. Rfxf7 Qxc3 27. Rxg7+ Qxg7 28. Rxg7+ Kxg7 29. Qa5 g5 30. Bg3 e5 31. Bxe5+ Kg6 32. Bc3 Re6 33. Qxa6 Rce8 34. Qb7 R8e7 35. Qc8 Nf6 36. Qh8 Ne4 37. Qg8+ Kh5 38. Be1 Nf6 39. g4+ Nxg4 40.
hxg4+ Kxg4 41. Bf2 Re2 42. Qf8 R7e4 43. Kg2 Rf4 44. Qc8+ Kh5 45. Qh3+ Kg6 46. Qd3+ Ree4 47. Bg3 Rg4 48. Kf3 h5 49. Qxe4+ Rxe4 50. Kxe4 h4 51. Bh2 Kh5 52. a5 g4 53. a6 g3 54. Bg1 h3 55. Kf3 h2 56. Bxh2 gxh2 57. Kg2 1-0

[Event "*** SCC Grand Prix: Titled Tuesday Blitz"]
[Site "Chess.com"]
[Date "2020.06.02"]
[Round "7"]
[White "maximnovik"]
[Black "DanielTitichoca"]
[Result "1-0"]
[WhiteElo "2464"]
[BlackElo "2317"]
[TimeControl "180+1"]
[EndTime "11:21:15 PDT"]
[Termination "maximnovik won by checkmate"]

1. c4 e5 2. g3 Nc6 3. Bg2 f5 4. Nc3 Nf6 5. d3 Bb4 6. Bd2 O-O 7. a3 Bxc3 8. Bxc3 d6 9. e3 Qe8 10. b4 f4 11. b5 Ne7 12. e4 Ng6 13. f3 Qe7 14. Ne2 b6 15. gxf4 exf4 16. Qd2 Nh5 17.
O-O-O a6 18. a4 axb5 19. axb5 Be6 20. Kb2 Qf7 21. Ra1 Bxc4 22. dxc4 Qxc4 23. Qd5+ Qxd5 24.
exd5 Rfe8 25. Rxa8 Rxa8 26. Nd4 Ne5 27. Ne6 Nc4+ 28.
Kb3 Ne3 29. Rg1 Kf7 30. Bh3 Nxd5 31. Nxg7 Nhf6 32. Be6+ Ke7 33. Bxd5 Nxd5 34. Nf5+ Ke6 35. Nd4+ Kf7 36. Bb2 Re8 37. Kc4 Ne3+ 38. Kd3 Nd5 39. Bc1 Nb4+ 40. Kc4 Na2 41. Bxf4 Ra8 42. Kb3 Ra5 43.
Bd2 Ra8 44. Ra1 Kf6 45. Rxa2 Re8 46. Bc3 Kg5 47. Re2 Rxe2 48. Nxe2 Kh4 49. Ng1 h5 50.
Bf6# 1-0

[Event "*** SCC Grand Prix: Titled Tuesday Blitz"]
[Site "Chess.com"]
[Date "2020.06.02"]
[Round "7"]
[White "wanyaland"]
[Black "FMOlexandrProhorov"]
[Result "1-0"]
[WhiteElo "2304"]
[BlackElo "2086"]
[TimeControl "180+1"]
[EndTime "11:21:16 PDT"]
[Termination "wanyaland won on time"]

1. d4 g6 2. e4 Bg7 3. Nc3 c6 4. h4 d5 5. h5 dxe4 6. Nge2 Bg4 7. hxg6 hxg6 8. Rxh8 Bxh8 9. Be3 Nf6 10. Qd2 Nbd7 11.
O-O-O Qa5 12. Kb1 O-O-O 13. Nxe4 Qc7 14. Ng5 Nb6 15. Nxf7 Bg7 16. Nxd8 Qxd8 17. f3 Bf5 18. Ng3 Be6 19. b3 Qd6 20. Ne4 Qa3 21. Nc5 Bf7 22. c4 Nbd7 23. Nxd7 Nxd7 24. Bd3 a5 25. Qc2 a4 26. Bc1 Qd6 27. bxa4 Bxd4 28. Bf1 c5 29. Bb2 Ne5 30. Qe4 g5 31. Rxd4 cxd4 32. Qxd4 Qg6+ 33. Ka1 Nc6 34. Qe4 Qd6 35. Qg4+ Be6 36. Qxg5 Qd1+ 37. Qc1 Qxa4 38. Be2 Nb4 39. a3 Nc2+ 40. Ka2 b5 41. Qf4 Nb4+ 42. Ka1 bxc4 43. Qe4 Bd5 44. Qxe7 Nc2+ 45. Kb1 c3 46. Qc5+ Bc6 47. Qxc3 Nxa3+ 48. Qxa3 Qf4 49. Qd3 Qb4 50. Qc4 Qd6 51. Ba3 1-0

[Event "*** SCC Grand Prix: Titled Tuesday Blitz"]
[Site "Chess.com"]
[Date "2020.06.02"]
[Round "7"]
[White "cassoulet"]
[Black "Shota_Azaladze"]
[Result "1-0"]
[WhiteElo "2617"]
[BlackElo "2812"]
[TimeControl "180+1"]
[EndTime "11:21:17 PDT"]
[Termination "cassoulet won by checkmate"]

1. e4 g6 2. Nc3 Bg7 3. h4 c6 4. h5 d5 5. Nf3 d4 6. Ne2 c5 7. d3 Nc6 8. Nf4 e5 9. Nd5 Be6 10. c4 dxc3 11. Nxc3 Bg4 12. h6 Bf6 13. Be3 Be7 14. Qb3 Qd7 15. Nd5 Be6 16. Rc1 b6 17. Qa4 Rc8 18. Nxe7 Ngxe7 19. Bg5 Ng8 20. Be2 f6 21.
Be3 Nge7 22. a3 O-O 23. O-O Nd4 24. Qd1 Nxe2+ 25. Qxe2 Bg4 26. b4 cxb4 27. axb4 Rfd8 28. Rxc8 Rxc8 29. Rd1 g5 30. d4 exd4 31. Rxd4 Qe6 32.
Qd1 Kf7 33. Qa1 Bxf3 34. gxf3 Rc7 35. Kg2 Rd7 36. Rxd7 Qxd7 37. e5 Qd5 38. exf6 Ng6 39. Qxa7+ Kxf6 40. Qxh7 Nh4+ 41. Kh2 Qxf3 42. Qg7+ Ke6 43.
Qg8+ Kd7 44. Qg7+ Kc6 45. b5+ Kxb5 46. Qd7+ Kc4 47. Qa4+ Kc3 48. Qa3+ Kc2 49. Qa2+ Kd3 50. Qb3+ Ke4 51. Qe6+ Kd3 52. Qb3+ Ke4 53. Qc2+ Kd5 54. Qb3+ Kd6 55. Qxb6+ Ke7 56. Qc7+ Ke6 57. Qc8+ Kf7 58. Qd7+ Kg6 59. Qe8+ Kxh6 60. Qh8+ Kg6 61. Qg8+ Kh5 62. Qxg5# 1-0

[Event "*** SCC Grand Prix: Titled Tuesday Blitz"]
[Site "Chess.com"]
[Date "2020.06.02"]
[Round "7"]
[White "DenLaz"]
[Black "killer311"]
[Result "1-0"]
[WhiteElo "2636"]
[BlackElo "2401"]
[TimeControl "180+1"]
[EndTime "11:21:18 PDT"]
[Termination "DenLaz won by resignation"]

1. d4 d5 2. c4 c6 3. Nf3 Nf6 4. Qc2 dxc4 5. Qxc4 Bf5 6. g3 e6 7. Bg2 Nbd7 8. O-O Be7 9. Qb3 Qb6 10. Nbd2 O-O 11.
Nc4 Qxb3 12. axb3 Bc2 13. Na5 Nd5 14. Nxb7 Bxb3 15. Na5 Bc2 16. Nxc6 Bf6 17. Rxa7 Rxa7 18. Nxa7 Ba4 19. Bd2 Ra8 20. Ra1 Rxa7 21. b3 N7b6 22. bxa4 Rxa4 23. Rxa4 Nxa4 24. e3 Nab6 25. Ne1 Nc4 26.
Bc1 Nc3 27. Bf1 Nd6 28. Ba3 Nde4 29. Bd3 Nd2 30. Bb4 Ndb1 31. f3 e5 32. d5 Nxd5 33.
Bc5 Nbc3 34. Bc4 Nc7 35. Nd3 Ne6 36. Bb4 e4 37. Bxc3 Bxc3 38. fxe4 Bd2 39. Kf2 Ng5 40. e5 Kf8 41. Bd5 Bc3 42. h4 Ne6 43. Bxe6 fxe6 44.
h5 Kf7 45. Kf3 h6 46. g4 g6 47. Ke4 g5 48. Nc1 Bd2 49. Ne2 Bb4 50. Kd3 Ba5 51. Nd4 Bc7 52. Nc6 Ke8 53. Ke4 Kf7 54.
Nd4 Bb8 55. Nf3 Bc7 56. Kd3 Ke7 57. Kc4 Kf7 58. Kc5 Bb8 59. Kc6 Ba7 60. e4 Bb8 61. Kd7 Ba7 62. Nd2 Bd4 63. Nc4 Bc3 64. Nd6+ Kg7 65.
Kxe6 Bb4 66. Nf5+ Kh7 67. Kf7 Bc3 68. e6 Bb4 69. e7 Bxe7 70. Nxe7 1-0

[Event "*** SCC Grand Prix: Titled Tuesday Blitz"]
[Site "Chess.com"]
[Date "2020.06.02"]
[Round "7"]
[White "124chess"]
[Black "sunofadawn"]
[Result "1-0"]
[WhiteElo "2748"]
[BlackElo "2390"]
[TimeControl "180+1"]
[EndTime "11:21:20 PDT"]
[Termination "124chess won by resignation"]

1. d4 Nf6 2. c4 g6 3. Nc3 d5 4. e3 Bg7 5. Qb3 c5 6. cxd5 cxd4 7. exd4 O-O 8. Be2 e6 9. Nf3 Nxd5 10. O-O Nxc3 11.
bxc3 b6 12. a4 Nc6 13. Bg5 Qd6 14. h4 Na5 15. Qb2 h6 16. Be3 Bb7 17. Rab1 Rac8 18. Qd2 Kh7 19. h5 g5 20. Rfc1 Be4 21. Bd3 Bxd3 22.
Qxd3+ f5 23. c4 Kh8 24. Bd2 Nc6 25. d5 Rcd8 26. Qb3 Nd4 27. Nxd4 Bxd4 28. Bb4 Bc5 29. Bxc5 bxc5 30. Rd1 e5 31. Qc3 Rd7 32. Re1 Re8 33.
Rb2 Kg8 34. Reb1 Qa6 35. a5 Kf7 36. Rb5 Rc8 37. Qe3 Qd6 38. Qf3 Kf6 39. Qe3 e4 40. Qc3+ Kf7 41. Rb7 Rxb7 42. Rxb7+ Rc7 43. Qb3 Rxb7 44.
Qxb7+ Kf6 45. a6 Qf4 46. g3 Qc1+ 47. Kg2 e3 48. Qc6+ Kg7 49. Qg6+ Kf8 50. Qxh6+ Ke8 51. Qe6+ Kd8 52. Qxe3 Qxc4 53. Qxg5+ Kc7 54. Qxf5 Qxa6 55.
Qf7+ Kb8 56. Qf8+ Kb7 57. h6 Qg6 58. Qg7+ 1-0

[Event "*** SCC Grand Prix: Titled Tuesday Blitz"]
[Site "Chess.com"]
[Date "2020.06.02"]
[Round "7"]
[White "Alexander_Zubov"]
[Black "rasmussvane"]
[Result "1-0"]
[WhiteElo "2980"]
[BlackElo "2896"]
[TimeControl "180+1"]
[EndTime "11:21:23 PDT"]
[Termination "Alexander_Zubov won by resignation"]

1. d4 d5 2. c4 e6 3. Nf3 a6 4. cxd5 exd5 5. Nc3 Nf6 6. Bf4 Bd6 7. Bg3 O-O 8. e3 Re8 9. a3 c6 10. Qc2 Be6 11. Bd3 Qc7 12. Na4 Nbd7 13. b4 Bg4 14. O-O Bh5 15. Nc5 Bxg3 16. hxg3 Bg6 17. a4 Nb6 18. Ne5 Bxd3 19. Qxd3 Nfd7 20. Nexd7 Nxd7 21.
Rfc1 Nb6 22. b5 axb5 23. axb5 Nc4 24. bxc6 bxc6 25. e4 Qe7 26. Qe2 h6 27. e5 Qg5 28.
Re1 Qd2 29. Qxd2 Nxd2 30. g4 Reb8 31. Red1 Rxa1 32. Rxa1 Rb1+ 33. Rxb1 Nxb1 34. f4 Nc3 35. Kf2 Kf8 36. f5 Ke7 37. Ke3 Nd1+ 38. Kf3 Nc3 39.
Nd3 Nb5 40. Ke3 Na3 41. Nc5 Nc4+ 42. Kf4 Na5 43. g5 hxg5+ 44. Kxg5 Nc4 45. Kf4 Nd2 46. g4 f6 47. Ne6 Nb3 48. Ke3 c5 49. Nxc5 Nxc5 50.
dxc5 fxe5 51. g5 Kd7 52. f6 gxf6 53. g6 Ke6 54. c6 Kd6 55. g7 Kc7 56. g8=Q f5 57.
Qxd5 f4+ 58. Ke4 1-0

[Event "*** SCC Grand Prix: Titled Tuesday Blitz"]
[Site "Chess.com"]
[Date "2020.06.02"]
[Round "7"]
[White "Logman74"]
[Black "umngqusho"]
[Result "0-1"]
[WhiteElo "2366"]
[BlackElo "2498"]
[TimeControl "180+1"]
[EndTime "11:21:23 PDT"]
[Termination "umngqusho won on time"]

1. e4 e5 2. Nf3 Nc6 3. Bb5 a6 4. Ba4 Nf6 5. O-O Be7 6. Re1 b5 7. Bb3 d6 8. c3 O-O 9. h3 Na5 10. Bc2 c5 11. d4 Qc7 12. Nbd2 Bd7 13. Nf1 Nc4 14. b3 Nb6 15. d5 c4 16. Be3 Rfb8 17. b4 a5 18. a3 Ra6 19. Ng3 Rba8 20.
Rc1 axb4 21. axb4 g6 22. Nh2 Kg7 23. f4 Ra3 24. Qd2 Na4 25. fxe5 dxe5 26. Bxa4 R8xa4 27. Red1 Ra6 28. Bh6+ Kh8 29. Nf3 Ng8 30. Rf1 Ra2 31. Qe3 f6 32. Rcd1 Rc2 33. Rd2 Rxd2 34. Qxd2 g5 35. Bxg5 fxg5 36. Nxg5 Bxg5 37. Qxg5 Rg6 38.
Qh4 Qb6+ 39. Kh2 Nf6 40. Nh5 Nxh5 41. Qxh5 Qd6 42. Rf7 Rg7 43. Rf3 Qe7 44. Qh6 Rg8 45. d6 Qg7 46. Qd2 Qg6 47. Rf2 Qg3+ 48. Kg1 Bxh3 49.
Qe2 Bd7 50. Qd2 Qg6 0-1

[Event "*** SCC Grand Prix: Titled Tuesday Blitz"]
[Site "Chess.com"]
[Date "2020.06.02"]
[Round "7"]
[White "sergeikim"]
[Black "ferdipy"]
[Result "1/2-1/2"]
[WhiteElo "2467"]
[BlackElo "2359"]
[TimeControl "180+1"]
[EndTime "11:21:23 PDT"]
[Termination "Game drawn by repetition"]

1. d4 Nf6 2. c4 e6 3. Nc3 Bb4 4. Qc2 O-O 5. a3 Bxc3+ 6. Qxc3 c5 7. dxc5 d5 8. cxd6 Qxd6 9. Nf3 Nc6 10. e3 b6 11. Be2 Ne4 12. Qc2 f5 13. O-O Bb7 14.
Rd1 Qc7 15. b4 a5 16. b5 Ne7 17. Bb2 Ng6 18. Rac1 Nc5 19. Nd4 e5 20. Nc6 Bxc6 21.
bxc6 Qxc6 22. Rd5 Rae8 23. Rcd1 Rf7 24. Bh5 e4 25. Be2 f4 26. Rd6 Qc7 27. Bh5 Nd3 28. Bxg6 hxg6 29. Rxg6 fxe3 30. fxe3 Rf2 31. Qc3 Nxb2 32.
Rdd6 Ref8 33. h3 Nxc4 34. Rd1 Qf7 35. Rg4 Rf1+ 36. Rxf1 Qxf1+ 37. Kh2 Qf7 38. Qd4 Qc7+ 39. Kg1 Nd6 40. Qd5+ Nf7 41. Qd4 Qe5 42. Qxb6 Rc8 43. Rf4 g5 44. Rf1 Qd6 45. Qb3 Rf8 46. Qb5 Qd3 47. Qf5 Qxe3+ 48. Kh1 Qd4 49. Qg6+ Qg7 50. Qxe4 Qe5 51. Qg6+ Qg7 52. Qe6 Qe5 53. Qg6+ Qg7 54. Qe4 Qe5 55. Qg6+ 1/2-1/2

[Event "*** SCC Grand Prix: Titled Tuesday Blitz"]
[Site "Chess.com"]
[Date "2020.06.02"]
[Round "7"]
[White "qqwow"]
[Black "novocane"]
[Result "1-0"]
[WhiteElo "2356"]
[BlackElo "2159"]
[TimeControl "180+1"]
[EndTime "11:21:23 PDT"]
[Termination "qqwow won on time"]

1. d4 Nf6 2. c4 e6 3. Nc3 Bb4 4.
a3 Bxc3+ 5. bxc3 Nc6 6. f3 b6 7. e4 Ba6 8. Bg5 h6 9. Bh4 g5 10. Bf2 Na5 11. e5 Nh5 12. Qa4 Qe7 13. h4 O-O-O 14.
O-O-O Kb8 15. g3 Ng7 16. Bd3 Nf5 17. h5 d5 18. cxd5 Bxd3 19. Rxd3 exd5 20. g4 Ng7 21. Ne2 Nc4 22. Kb1 Qxa3 23. Qxa3 Nxa3+ 24. Ka2 Nc4 25. f4 gxf4 26. Nxf4 Ne6 27. Ne2 Rdg8 28. Rh4 Ng5 29.
Kb3 Ne4 30. Be1 c6 31. Ng3 Nxg3 32. Bxg3 Kb7 33. Bf4 Rg7 34. Rg3 a5 35. Rh1 Rhg8 36.
Rhg1 Rh7 37. Bc1 b5 38. Rf1 Rhg7 39. Rfg1 Rh7 40. Rf3 Kb6 41. Rf6 a4+ 42. Kc2 a3 43.
Kb3 a2 44. Kxa2 Ra8+ 45. Kb1 b4 46. cxb4 Ra4 47. Kc2 Rxb4 48. Rxh6 Rg7 49. g5 Rg8 50. Rf6 Ra8 51. Kd1 Ra1 52. Rg3 Nb2+ 53. Kc2 Nc4 54.
Rc3 Ra2+ 55. Kd1 Rb1 56. Rxf7 Nb2+ 57. Kc2 Rba1 58. Bxb2 Rh1 59. Rb3+ 1-0

[Event "*** SCC Grand Prix: Titled Tuesday Blitz"]
[Site "Chess.com"]
[Date "2020.06.02"]
[Round "7"]
[White "awesomevishesh"]
[Black "imdarealist"]
[Result "1-0"]
[WhiteElo "2451"]
[BlackElo "2257"]
[TimeControl "180+1"]
[EndTime "11:21:24 PDT"]
[Termination "awesomevishesh won by checkmate"]

1. d4 d5 2. c4 e6 3. Nf3 Nf6 4.
g3 Bb4+ 5. Nbd2 O-O 6. Bg2 dxc4 7. Qc2 Nc6 8. Qxc4 Qd5 9. O-O Bxd2 10. Qxd5 exd5 11. Bxd2 Bg4 12. e3 Ne4 13. Bc3 Nxc3 14. bxc3 Na5 15. Ne5 Be6 16. Rab1 c6 17. Rb4 f6 18. Nd3 Bf5 19. Rd1 Rfe8 20. h4 Re7 21. Bf3 Rae8 22. h5 b6 23. Nb2 Rc7 24. c4 Rd8 25. Rc1 Rcd7 26. cxd5 cxd5 27. Rb5 Be6 28. Nd3 Nc4 29. Nf4 Bf7 30. Bxd5 Bxd5 31. Rxd5 Rxd5 32. Nxd5 Rxd5 33. Rxc4 Ra5 34. Rc2 Kf7 35. g4 g6 36.
hxg6+ hxg6 37. Kg2 Ke6 38. Kg3 g5 39. Kf3 Ra3 40.
Ke4 Ra4 41. f4 gxf4 42. exf4 Ra3 43. Rg2 Kf7 44. Kf5 Kg7 45. Rc2 Ra5+ 46. Ke6 Kg6 47.
Rc8 Ra4 48. Rg8+ Kh7 49. Ra8 Rxd4 50. f5 Rxg4 51. Kxf6 Ra4 52. Kf7 Ra5 53. f6 Rxa2 54. Rc8 b5 55. Rc1 Re2 56. Rh1+ Rh2 57. Rxh2# 1-0